 Dungeon Crawl Stone Soup version 0.32-a0-768-g0f6f1dd4b9 (webtiles) character file.

Game seed: 7788363654862503473

16060 OversoulOfDusk the Contemplative (level 12, -13/121 (129) HPs)
             Began as a Formicid Warper on Mar 18, 2024.
             Was a Priest of Cheibriados.
             Mangled by a tentacled starspawn (15 damage)
             ... on level 2 of the Abyss.
             The game lasted 00:30:58 (14258 turns).

OversoulOfDusk the Contemplative (Formicid Warper) Turns: 14258, Time: 00:30:59

HP:   -13/121 (129) AC: 26    Str: 26      XL:     12   Next: 65%
MP:   21/22         EV:  2    Int: 18 (20) God:    Cheibriados [***...]
Gold: 745           SH: 12    Dex: 23 (25) Spells: 22/22 levels left

rFire   . . .        y - +0 halberd (vamp)
rCold   . . .        p - +0 kite shield
rNeg    . . .        m - melded +0 chain mail
rPois   +            (helmet unavailable)
rElec   .            H - melded +0 cloak
rCorr   .            D - melded +0 pair of gloves
SInv    .            (boots currently unavailable)
Will    +....        (no amulet)
Stlth   ++++         P - ring of poison resistance
HPRegen 0.40/turn    E - +5 ring of evasion
MPRegen 0.18/turn

%: no passive effects
@: tree-form, drained, very slow
A: stationary, stasis, torment immunity, boosted hp, permanent stasis, dig
shafts and tunnels, (antennae 3), four strong arms, deterioration 1
a: Renounce Religion, Bend Time, Temporal Distortion


You were on level 2 of the Abyss.
You worshipped Cheibriados.
Cheibriados was most pleased with you.
You were a tree.
You visited 3 branches of the dungeon, and saw 12 of its levels.
You visited the Abyss 1 time.
You also visited: Sewer.

You collected 745 gold pieces.

Inventory:

Hand Weapons
 y - a +0 vampiric halberd (weapon)
 Q - a +3 vampiric double sword {rare}
Missiles
 c - 3 darts of dispersal {=f!f}
 g - 38 poisoned darts (quivered)
 x - 5 throwing nets {=f!f}
Armour
 m - a +0 chain mail (melded)
 p - a +0 kite shield (worn)
 D - a +0 pair of gloves (melded)
 H - a +0 cloak (melded)
 O - a scarf of invisibility
Jewellery
 E - a +5 ring of evasion (right branch)
 N - a ring of positive energy
 P - a ring of poison resistance (left branch)
 Y - a +4 ring of slaying
 Z - a ring of wizardry
Wands
 r - a wand of light (1)
 z - a wand of charming (3)
 I - a wand of flame (22)
 K - a wand of roots (12)
 R - a wand of mindburst (4)
Scrolls
 d - 2 scrolls of vulnerability {unknown}
 k - 3 scrolls of enchant weapon
 t - 2 scrolls of blinking {!r}
 u - a scroll of silence {!r!r}
 v - 2 scrolls of amnesia
 w - 2 scrolls of teleportation {@r4}
 A - a scroll of acquirement
 B - a scroll of immolation {!r!r}
 F - 2 scrolls of noise {!r}
 L - 2 scrolls of enchant armour
Potions
 b - a potion of enlightenment {unknown}
 f - a potion of berserk rage {!q}
 i - 4 potions of haste {forbidden@q3}
 j - 3 potions of attraction {unknown}
 n - 11 potions of degeneration {!q}
 o - 2 potions of cancellation {unknown}
 q - 3 potions of mutation {unknown}
 s - a potion of resistance
 C - 4 potions of brilliance
Miscellaneous
 M - a phial of floods (inert)


   Skills:
 - Level 5.0 Fighting
 - Level 10.6 Polearms
 - Level 1.0 Throwing
 - Level 1.1 Armour
 - Level 1.7 Dodging
 - Level 8.0 Stealth
 - Level 8.0 Shields
 + Level 5.7 Spellcasting
 + Level 5.5 Translocations
 - Level 14.0 Invocations


You had 22 spell levels left.
You didn't know any spells.
Your spell library contained the following spells:

 Spells                   Type           Power      Damage    Failure   Level
 Lesser Beckoning         Tloc           50%        N/A       3%          2
 Teleport Other           Tloc           25%        N/A       7%          3
 Kiss of Death            Conj/Necr      20%        2d7       22%         1
 Slow                     Hex            20%        N/A       22%         1
 Volatile Blastmotes      Fire/Tloc      30%        2d12      22%         3
 Manifold Assault         Tloc           25%        N/A       22%         4
 Jinxbite                 Hex            10%        N/A       32%         2
 Call Canine Familiar     Summ           5%         N/A       54%         3
 Confusing Touch          Hex            5%         N/A       54%         3
 Sigil of Binding         Hex            5%         N/A       54%         3
 Vampiric Draining        Necr           5%         2d6       54%         3
 Dimensional Bullseye     Hex/Tloc       7%         N/A       56%         4
 Iskenderun's Mystic Bla  Conj/Tloc      15%        2d5       56%         4
 Dispel Undead            Necr           5%         3d7       91%         4
 Fulminant Prism          Conj/Alch      2%         3d5       91%         4
 Yara's Violent Unravell  Hex/Alch       2%         3d3       99%         5
 Death Channel            Necr           2%         N/A       100%        6
 Sculpt Simulacrum        Ice/Alch       2%         N/A       100%        6
 Enfeeble                 Hex            2%         N/A       100%        7
 Blink                    Tloc           Unusable   N/A       N/A         2
 Vhi's Electric Charge    Tloc/Air       Unusable   N/A       N/A         4

Dungeon Overview and Level Annotations

Branches:
Dungeon (10/15)            Temple (1/1) D:4            Lair (1/5) D:10
    Orc (0/2) D:9           Sewer (visited)

Altars:
Ashenzari
Cheibriados
Dithmenos
Elyvilon
Fedhas
Gozag
Hepliaklqana
Kikubaaqudgha
Makhleb
Nemelex Xobeh
Okawaru
Qazlal
Ru
Sif Muna
Trog
Uskayaw
Vehumet
Wu Jian
Xom
Yredelemnul
Zin
The Shining One

Annotations:
D:10 neeed fly, Gastronok; Picsou's ghost, journeyman MiFi
Lair:1 Sonja


Innate Abilities, Weirdness & Mutations

You are a tree.
Your roots penetrate the ground, keeping you stationary.
You cannot be teleported.
You are immune to unholy pain and torment.
Your maximum health is greatly increased.
Your equipment is partially melded.
You cannot be hasted, slowed, berserked, paralysed or teleported.
You can dig through walls and to a lower floor.
((You have a pair of large antennae on your head. (SInv)))
Your four strong arms can wield two-handed weapons with a shield.
Your body sometimes deteriorates upon taking damage.


Message History

The ufetubus barely misses you. You block the ufetubus's attack.
The ufetubus barely misses you.
You block the thrashing horror's attack.
The thrashing horror barely misses you.
A tentacle flies out from the starspawn's body!
The ufetubus barely misses you. The ufetubus closely misses you.
A starspawn tentacle comes into view.
Unknown command.
Unknown command.
Unknown command.
Unknown command.
The flow of time bends around you.
Cheibriados rebukes the ufetubus.
The ufetubus seems to slow down.
Cheibriados rebukes the small abomination.
The small abomination seems to slow down.
You block the ufetubus's attack.
The ufetubus hits you but does no damage.
A starspawn tentacle comes into view.
You block the small abomination's attack.
The ufetubus attacks as it pursues you! You block the ufetubus's attack. x2
The small abomination hits you!!
* * * LOW HITPOINT WARNING * * *
Your body deteriorates!
You feel dopey. The ufetubus attacks as it pursues you!
The ufetubus hits you but does no damage.
You block the ufetubus's attack. x3
It was a potion of lignification.
You turn into a tree.
Your +0 cloak melds into your body.
Your +0 pair of gloves melds into your body.
Your +0 chain mail melds into your body.
Your roots penetrate the ground.
You block the ufetubus's attack.
The ufetubus hits you but does no damage.
Unknown command.
You hit the ufetubus but do no damage. You puncture the tentacled starspawn!
You puncture the tentacled starspawn!
You block the tentacled starspawn's attack. x2
You completely miss the tentacled starspawn.
You hit the tentacled starspawn. The tentacled starspawn bites you!
* * * LOW HITPOINT WARNING * * *
You block the tentacled starspawn's attack.
You puncture the tentacled starspawn! The tentacled starspawn bites you.
* * * LOW HITPOINT WARNING * * *
The tentacled starspawn tentacle-slaps you but does no damage.
You slice the tentacled starspawn!!
You block the tentacled starspawn's attack.
The tentacled starspawn tentacle-slaps you!
You die...
Cheibriados appreciates the motionlessness of death.

#.##### {
##.##.## ##
###..#...#
#.##...X...# #
##...###...#.#
##.# #.#..#..#
###.....#....#
##..###..#...#
#...XX♣...##.
####5###### .
# # w{. .....
.#.... ......
. '. ...#..


You could see a tentacled starspawn, a thrashing horror and an ufetubus (slow).

Vanquished Creatures
  A tentacled starspawn (Abyss:2)
  Erica (D:9)
  A two-headed ogre (D:7)
  A naga warrior (Abyss:2)
  Urug (Lair:1)
  A sixfirhy (Abyss:2)
  An elephant (D:10)
  Joseph (D:7)
  A worldbinder (Abyss:2)
  A rust devil (Abyss:2)
  An apocalypse crab (Abyss:2)
  A guardian serpent (Abyss:2)
  A smoke demon (Abyss:2)
  3 cane toads (Lair:1)
  A large abomination (Abyss:2)
  A komodo dragon (Lair:1)
  2 trolls
  A polar bear (Lair:1)
  Grinder (D:4)
  A naga simulacrum (Abyss:2)
  A wyvern (D:7)
  A wraith (D:10)
  A yak (D:8)
  3 basilisks
  A neqoxec (Abyss:2)
  Eustachio (D:5)
  2 steam dragons (D:8)
  A chaos spawn (Abyss:2)
  Menkaure (D:4)
  A naga (Abyss:2)
  A small abomination (Abyss:2)
  2 acid dragons
  4 water moccasins
  2 black bears
  4 ice beasts (D:8)
  2 sky beasts
  2 orc warriors (D:9)
  A swamp drake (D:9)
  4 wolves
  3 ogres
  6 kobold brigands
  Blork the orc (D:4)
  3 bullfrogs
  3 scorpions (D:4)
  18 wights
  7 killer bees
  2 howler monkeys
  2 hounds
  2 bombardier beetles (D:7)
  2 gnoll boudas
  3 jellies
  A quasit (Abyss:2)
  6 orc priests
  Crazy Yiuf (D:6)
  7 iguanas
  4 orc wizards
  A centaur simulacrum (D:8)
  24 gnolls
  6 adders
  2 river rats (Sewer)
  5 white imps
  A howler monkey simulacrum (D:8)
  7 ufetubi
  A dart slug (D:2)
  6 ribbon worms (Sewer)
  41 orcs
  14 endoplasms
  5 giant cockroaches
  11 goblins
  4 hobgoblins
  6 quokkas
  5 ball pythons
  13 bats
  A frilled lizard (D:2)
  14 kobolds
  8 rats
  A lurking horror (Abyss:2)
305 creatures vanquished.

Vanquished Creatures (collateral kills)
  3 kobolds (D:10)
3 creatures vanquished.

Vanquished Creatures (others)
  A wyvern (D:10)
  An orc (D:9)
  2 kobolds (D:8)
  4 starspawn tentacles (Abyss:2)
8 creatures vanquished.

Grand Total: 316 creatures vanquished

Notes
Turn   | Place    | Note
-------+----------+-------------------------------------------
     0 | D:1      | OversoulOfDusk the Formicid Warper began the quest for the
                  | Orb.
     0 | D:1      | Reached XP level 1. HP: 16/16 MP: 3/3
   276 | D:1      | Reached XP level 2. HP: 23/23 MP: 5/5
   287 | D:1      | Reached skill level 1 in Stealth
   891 | D:2      | Reached XP level 3. HP: 22/28 MP: 6/6
  1194 | D:2      | Reached skill level 3 in Fighting
  1823 | D:3      | Reached XP level 4. HP: 35/35 MP: 7/7
  1825 | D:3      | Noticed a +0 spear
  1827 | D:3      | Noticed a +0 short sword
  1827 | D:3      | Noticed a +0 dagger
  1828 | D:3      | Noticed a +0 falchion
  1829 | D:3      | Noticed a +0 spear
  1829 | D:3      | Noticed a +0 falchion
  1829 | D:3      | Noticed a +0 dagger
  1831 | D:3      | Noticed a +0 short sword
  1849 | D:3      | Found a hide-covered altar of Uskayaw.
  2015 | D:3      | Reached skill level 3 in Polearms
  2304 | D:3      | Reached XP level 5. HP: 30/41 MP: 8/8
  2358 | D:3      | Found a glowing drain.
  2362 | Sewer    | Entered a sewer
  2393 | Sewer    | Reached skill level 3 in Stealth
  2674 | Sewer    | Noticed a kobold brigand
  2697 | Sewer    | Killed a kobold brigand
  2698 | Sewer    | Reached XP level 6. HP: 28/48 MP: 9/9
  2989 | Sewer    | Reached XP level 7. HP: 40/55 MP: 10/10
  3854 | D:4      | Noticed Blork the orc
  3867 | D:5      | Entered Level 5 of the Dungeon
  4357 | D:4      | Noticed Grinder
  4429 | D:5      | Noticed Eustachio
  4447 | D:5      | Killed Eustachio
  4448 | D:5      | Reached skill level 6 in Stealth
  4448 | D:5      | Reached XP level 8. HP: 43/62 MP: 11/11
  4752 | D:4      | Killed Grinder
  4753 | D:4      | Reached skill level 1 in Shields
  4753 | D:4      | Reached skill level 1 in Invocations
  4819 | D:4      | Killed Blork the orc
  5169 | D:4      | Reached skill level 2 in Invocations
  5184 | D:4      | Found a staircase to the Ecumenical Temple.
  5192 | Temple   | Entered the Ecumenical Temple
  5205 | Temple   | Became a worshipper of Cheibriados the Contemplative
  5327 | D:4      | Identified the +2 dagger "Netiro" {flame, Str+2 Dex+5}
  5329 | D:4      | Noticed Menkaure
  5373 | D:4      | Killed Menkaure
  5374 | D:4      | Reached skill level 3 in Shields
  5374 | D:4      | Reached skill level 3 in Invocations
  5656 | D:4      | Found a bloodstained altar of Trog.
  5756 | D:5      | Reached skill level 4 in Invocations
  5926 | D:5      | Reached XP level 9. HP: 68/68 MP: 12/12
  5983 | D:5      | Reached * piety under Cheibriados
  6026 | D:5      | Found an ancient bone altar of Kikubaaqudgha.
  6056 | D:5      | Found a burning altar of Makhleb.
  6158 | D:5      | Reached skill level 5 in Invocations
  6199 | D:5      | Reached skill level 6 in Shields
  6259 | D:5      | Reached ** piety under Cheibriados
  6363 | D:5      | Found an opulent altar of Gozag.
  6950 | D:6      | Reached *** piety under Cheibriados
  7045 | D:6      | Reached skill level 6 in Invocations
  7500 | D:6      | Found a runed translucent door.
  7500 | D:6      | Noticed Crazy Yiuf
  7507 | D:6      | Killed Crazy Yiuf
  7606 | D:7      | Identified a scroll of acquirement
  7721 | D:7      | Reached skill level 6 in Polearms
  7840 | D:7      | Found a radiant altar of Vehumet.
  7865 | D:7      | Noticed a two-headed ogre
  7886 | D:7      | Killed a two-headed ogre
  7887 | D:7      | Reached skill level 8 in Invocations
  7887 | D:7      | Reached XP level 10. HP: 39/74 MP: 14/16
  7903 | D:7      | Noticed Joseph
  7931 | D:7      | Killed Joseph
  8079 | D:7      | Reached **** piety under Cheibriados
  8080 | D:7      | Reached skill level 9 in Invocations
  8976 | D:8      | Identified the +2 falchion of the Desolation of Salt {elec,
                  | rPois rC+ Str+3 Stlth+}
  9149 | D:8      | Reached skill level 10 in Invocations
  9295 | D:8      | Found a broken altar of Ashenzari.
  9327 | D:8      | Reached skill level 9 in Polearms
  9335 | D:8      | Reached XP level 11. HP: 75/79 MP: 18/18
  9505 | D:8      | Found an iron altar of Okawaru.
  9763 | D:9      | Found a stormy altar of Qazlal.
 10000 | D:9      | Noticed Erica
 10021 | D:9      | Killed Erica
 10022 | D:9      | Reached skill level 11 in Invocations
 10431 | D:9      | Reached ***** piety under Cheibriados
 10613 | D:9      | Found a staircase to the Orcish Mines.
 10757 | D:10     | Entered Level 10 of the Dungeon
 10993 | D:10     | Found a shadowy altar of Dithmenos.
 11040 | D:10     | Found a staircase to the Lair.
 11101 | D:10     | Noticed an elephant
 11105 | D:10     | Found a white marble altar of Elyvilon.
 11125 | D:10     | Killed an elephant
 11230 | D:10     | Reached skill level 12 in Invocations
 11410 | D:10     | Found a runed translucent gate.
 11410 | D:10     | Found a runed translucent gate.
 11411 | D:10     | Found a runed translucent gate.
 11412 | D:10     | Noticed Picsou's ghost (journeyman MiFi)
 11472 | D:10     | Found an ornate altar of the Wu Jian Council.
 11671 | D:10     | Noticed Gastronok
 11671 | D:10     | Found the +3 greatsling "Punk" {acid, rCorr}
 12260 | Lair:1   | Entered Level 1 of the Lair of Beasts
 12305 | Lair:1   | Noticed Urug
 12322 | Lair:1   | Killed Urug
 12660 | Lair:1   | Reached skill level 13 in Invocations
 12796 | Lair:1   | Reached XP level 12. HP: 60/86 MP: 22/22
 12916 | Lair:1   | Noticed Sonja
 12928 | Abyss:2  | Cast into level 2 of the Abyss (Sonja)
 12929 | Abyss:2  | Found a corrupted altar of Lugonu.
 13006 | Abyss:2  | Reached skill level 14 in Invocations
 13073 | Abyss:2  | Reached skill level 3 in Translocations
 13223 | Abyss:2  | Noticed a wretched star
 13326 | Abyss:2  | Reached skill level 3 in Spellcasting
 13326 | Abyss:2  | Noticed a naga warrior
 13339 | Abyss:2  | Killed a naga warrior
 13339 | Abyss:2  | Noticed a sixfirhy
 13345 | Abyss:2  | Killed a sixfirhy
 13368 | Abyss:2  | Noticed a tentacled starspawn
 13484 | Abyss:2  | Noticed a thrashing horror
 13484 | Abyss:2  | Noticed a thrashing horror
 13493 | Abyss:2  | Noticed a deep elf elementalist
 13493 | Abyss:2  | Noticed a starcursed mass
 13495 | Abyss:2  | Noticed a thrashing horror
 13495 | Abyss:2  | Noticed a thrashing horror
 13506 | Abyss:2  | Noticed a flayed ghost
 13515 | Abyss:2  | Noticed a thrashing horror
 13527 | Abyss:2  | Noticed a thrashing horror
 13546 | Abyss:2  | Noticed a goliath frog
 13583 | Abyss:2  | Gained mutation: Your body sometimes deteriorates upon
                  | taking damage. [a neqoxec]
 13746 | Abyss:2  | Noticed a tentacled starspawn
 13748 | Abyss:2  | Noticed a tentacled starspawn
 13760 | Abyss:2  | Killed a tentacled starspawn
 13893 | Abyss:2  | Noticed a wretched star
 13897 | Abyss:2  | Noticed a glowing orange brain
 13904 | Abyss:2  | Noticed a wretched star
 13905 | Abyss:2  | Noticed a sixfirhy
 13962 | Abyss:2  | HP: 1/74 [apocalypse crab (9)]
 13967 | Abyss:2  | HP: 3/74 [apocalypse crab (8)]
 14230 | Abyss:2  | Noticed a tentacled starspawn
 14234 | Abyss:2  | Noticed a thrashing horror
 14241 | Abyss:2  | Noticed a thrashing horror
 14256 | Abyss:2  | HP: 5/121 [tentacled starspawn (10)]
 14257 | Abyss:2  | HP: 1/121 [tentacled starspawn (4)]
 14258 | Abyss:2  | Mangled by a tentacled starspawn

Illustrated notes

Levels and vault maps discovered:
D:1:      saegor_arrival_simple_a, layout_basic, minmay_misc_feat_alley
D:2:      layout_basic, grunt_decor_clamped, nrook_mini_backslash,
          minmay_misc_feat_rows, minmay_diced_spiral
D:3:      layout_basic, nicolae_uskayaw_en_pointe, portal_sewer_entry_d,
          serial_bayou, serial_bayou_shore_a, serial_bayou_pond_d,
          serial_bayou_pond_d, serial_bayou_lagoon_a, serial_bayou_pond_b,
          serial_bayou_crossing
D:4:      layout_loops_corners, lightli_temple_of_fire,
          minmay_temple_entry_glassed_door, nrook_loot_triangle, uniq_grinder,
          uniq_blork_the_orc, uniq_menkaure
D:5:      layout_basic, old_standard_altar, mainiacjoe_overflow_swirl,
          kennysheep_flooded_box, roderic_batcave, uniq_eustachio
D:6:      layout_basic, serial_park_tiny_pond, uniq_crazy_yiuf_cottage
D:7:      layout_basic, overflow_temple_1_default, uniq_joseph
D:8:      layout_cave_pools, okawaru_gym_becter, nicolae_ashenzari_skybound,
          serial_ice, serial_ice_f, serial_ice_d, serial_ice_o, serial_ice_c
D:9:      layout_rooms, nicolae_qazlal_style_of_elements, erik_orc_1, uniq_erica
D:10:     layout_basic, mainiacjoe_overflow_chevrons,
          nicolae_wu_jian_glorious_leap, elyvilon_altar_5, david_lair_generic,
          gammafunk_ghost_necromancy, uniq_gastronok
Temple:   zaba_magenta_temple
Lair:1:   layout_cave_pods, ebering_ghost_funeral_grove,
          chequers_serial_rivers_room_b, serial_bayou_shore_b, uniq_sonja,
          uniq_urug
Abyss:2:  base: D:4, evilmike_abyss_exit_15, due_exit_kobolds,
          hangedman_decor_riveting, minivault_25

Skill      XL: |  1  2  3  4  5  6  7  8  9 10 11 12 |
---------------+-------------------------------------+-----
Stealth        | 1 2 3 4 6 8 |  8.0
Fighting       | 3 4 5 |  5.0
Polearms       | 3 4 5 7 9 10 | 10.6
Shields        | 4 8 |  8.0
Invocations    | 4 8 10 13 14 | 14.0
Translocations | 5 |  5.5
Spellcasting   | 5 |  5.7
Throwing       | |  1.0
Armour         | |  1.1
Dodging        | |  1.7

Action                     |  1- 3 |  4- 6 |  7- 9 | 10-12 || total
---------------------------+-------+-------+-------+-------++-------
  Melee: Spear             |   153 |       |       |       ||   153
         Trident           |       |   140 |    93 |       ||   233
         Halberd           |       |       |   228 |   497 ||   725
  Throw: Dart              |       |    18 |    76 |    31 ||   125
 Invoke: Step From Time    |       |       |       |     3 ||     3
         Slouch            |       |       |       |     3 ||     3
         Bend Time         |       |       |       |     1 ||     1
         Temporal Distorti |       |       |       |     1 ||     1
Ability: Dig               |       |     1 |     2 |     8 ||    11
  Evoke: Wand              |       |       |    12 |    23 ||    35
         Phial of floods   |       |       |       |     1 ||     1
    Use: Scroll            |       |       |     8 |     3 ||    11
         Potion            |       |       |       |    22 ||    22
   Stab: Sleeping          |     6 |       |     1 |     3 ||    10
         Distracted        |       |       |       |     7 ||     7
         Invisible         |       |       |       |     5 ||     5
 Armour: Leather armour    |    20 |       |       |       ||    20
         Chain mail        |    58 |    90 |   202 |   409 ||   759
         Skin              |       |       |       |     5 ||     5
  Dodge: Dodged            |    50 |    35 |   101 |   267 ||   453
  Block: Kite shield       |       |       |   170 |   483 ||   653

Table legend: (Time is in decaauts)
 A = Elapsed time spent in this place.
 B = Non-inter-level travel time spent in this place.
 C = Inter-level travel time spent in this place.
 D = Time resting spent in this place.
 E = Time spent auto-exploring this place.
 F = Levels seen in this place.
 G = Mean time per level.
                   A        B        C        D        E       F      G
               +--------+--------+--------+--------+--------+-----+--------+
         Total |  17817 |  16874 |    943 |   3490 |   9981 |  14 | 1272.6 |
       Dungeon |  14260 |  13345 |    915 |   2341 |   8770 |  10 | 1426.0 |
        Temple |     30 |      2 |     28 |      0 |      0 |   1 |   30.0 |
          Lair |    891 |    891 |      0 |    235 |    474 |   1 |  891.0 |
         Abyss |   1597 |   1597 |      0 |    870 |      0 |   1 | 1597.0 |
         Sewer |   1038 |   1038 |      0 |     44 |    736 |   1 | 1038.0 |
               +--------+--------+--------+--------+--------+-----+--------+

Top non-repeatable levels by time:
    D:10: 2200 daAuts
     D:7: 1685 daAuts
     D:4: 1637 daAuts
 Abyss:2: 1597 daAuts
     D:5: 1573 daAuts
     D:9: 1550 daAuts
     D:8: 1298 daAuts
     D:6: 1298 daAuts
     D:3: 1258 daAuts
   Sewer: 1038 daAuts
     D:2: 1024 daAuts
  Lair:1: 891 daAuts
     D:1: 733 daAuts
  Temple: 30 daAuts
